 Dungeon Crawl Stone Soup version 0.26.1-11-gd32895ea62 (webtiles) character file.

Game seed: 8315145508107900161

63 Zeld the Chopper (level 3, 0/31 HPs)
             Began as a Minotaur Berserker on May 23, 2021.
             Was a Follower of Trog.
             Slain by a white imp (4 damage)
             ... summoned by Natasha
             ... on level 2 of the Dungeon.
             The game lasted 00:01:09 (1703 turns).

Zeld the Chopper (Minotaur Berserker)               Turns: 1703, Time: 00:01:10

Health: 0/31       AC:  0    Str: 22    XL:     3   Next: 87%
Magic:  2/2        EV: 12    Int:  4    God:    Trog [*.....]
Gold:   26         SH:  0    Dex:  9    Spells: 2/2 levels left

rFire    . . .     SeeInvis .   a - +0 hand axe
rCold    . . .     Faith    .   (no shield)
rNeg     . . .     Spirit   .   (no armour)
rPois    .         Reflect  .   (helmet restricted)
rElec    .         Harm     .   (no cloak)
rCorr    .         Rampage  .   (no gloves)
Will     .....                  (no boots)
Stlth    +.........             (no amulet)
HPRegen  0.10/turn              (no ring)
MPRegen  0.08/turn              (no ring)

@: no status effects
A: retaliatory headbutt, horns 2
a: Renounce Religion, Berserk


You were on level 2 of the Dungeon.
You worshipped Trog.
Trog was aware of your devotion.
You visited 1 branch of the dungeon, and saw 2 of its levels.

You collected 26 gold pieces.

Inventory:

Hand Weapons
 a - a +0 hand axe (weapon)
Scrolls
 b - a scroll of identify {unknown}
 d - 6 scrolls of teleportation {unknown}
 f - 2 scrolls of enchant weapon {unknown}
 i - a scroll of random uselessness {unknown}
Potions
 c - a potion of ambrosia {unknown}
 e - 3 potions of attraction {unknown}
 g - a potion of resistance {unknown}
 h - a potion of curing {unknown}


   Skills:
 - Level 3.6 Fighting
 * Level 5.9 Axes
 - Level 2.4 Armour
 - Level 2.1 Dodging


You had 2 spell levels left.
You didn't know any spells.
Your spell library was empty.

Dungeon Overview and Level Annotations

Branches:
Dungeon (2/15)

Altars:

Annotations:
D:2 Natasha


Innate Abilities, Weirdness & Mutations

You reflexively headbutt those who attack you in melee.
You have a pair of horns on your head.


Message History

Natasha is almost dead.
Natasha casts a spell.
Unknown command.
You are too injured to fight recklessly!
You are too injured to fight recklessly!
You are too injured to fight recklessly!
You are too injured to fight recklessly!
You completely miss Natasha. Your headbutt misses Natasha.
Natasha is almost dead.
You barely miss the white imp. Natasha barely misses you.
You furiously retaliate!
You headbutt Natasha, but do no damage. The white imp gestures at you.
The puff of frost hits you!
* * * LOW HITPOINT WARNING * * *
You completely miss Natasha.
Natasha is almost dead.
You barely miss the white imp. Natasha closely misses you.
The white imp grins evilly.
The white imp hits you.
You die...

...##.###.#..........
...<......#.......... .
.........##.......... ..
.....................
........................
......####>###..........
..... ####.##...........
.....K#.................
#.5h@##.###..........
##.#5.#.# ###########
....#.... #.#.. ....#
#.... ...... #####
#######


You could see Natasha, a white imp (summoned), a shadow imp (summoned) and a
kobold.

Vanquished Creatures
  A gnoll (D:1)
  2 worms (D:2)
  A dart slug (D:1)
  2 leopard geckos (D:1)
  3 orcs (D:2)
  3 giant cockroaches
  3 goblins (D:1)
  4 hobgoblins
  5 jackals (D:1)
  A quokka (D:2)
  2 bats
  2 frilled lizards
  5 kobolds
  2 rats
36 creatures vanquished.

Notes
Turn   | Place    | Note
-------+----------+-------------------------------------------
     0 | D:1      | Zeld the Minotaur Berserker began the quest for the Orb.
     0 | D:1      | Reached XP level 1. HP: 19/19 MP: 0/0
    27 | D:1      | Reached skill level 4 in Axes
   183 | D:1      | Reached XP level 2. HP: 20/26 MP: 1/1
   554 | D:1      | Reached skill level 5 in Axes
   767 | D:1      | Reached XP level 3. HP: 23/31 MP: 2/2
  1692 | D:2      | Noticed Natasha
  1703 | D:2      | Slain by a white imp

Illustrated notes

Levels and vault maps discovered:
D:1:      dpeg_arrival_refuge, layout_basic, chequers_serial_rivers_room_b
D:2:      layout_rooms, uniq_natasha

Skill      XL: |  1  2 |
---------------+-------+-----
Axes           | 4 5 |  5.9
Fighting       | |  3.6
Armour         | |  2.4
Dodging        | |  2.1

Action                   || total
-------------------------++-------
Melee: Hand axe          ||    85
       Headbutt          ||    12
Dodge: Dodged            ||    55
